[ AOE2 MATCH · #508189924 ]
UnrankedMongols vs Vietnamese
Player's team · WIN
[ REPLAY ANALYSIS · EXTRACTED FROM THE RECORDED GAME ]
Feudal
8:51
Castle
23:36
Imperial
41:48
| APM avg | 64.1 |
| APM peak | 108 |
| eAPM avg | 31.1 |
| Villagers / military | 155 / 115 |
Focus
⚔️ 33.9% · 🌾 66.1%
Scout Cavalry ×40 · Knight ×35 · Fishing Ship ×17 · Archer ×15 · Skirmisher ×10 · Mangudai ×6
Feudal
10:10
Castle
25:55
Imperial
40:06
| APM avg | 51.2 |
| APM peak | 83 |
| eAPM avg | 22.0 |
| Villagers / military | 105 / 121 |
Focus
⚔️ 38.6% · 🌾 61.4%
Archer ×90 · Fishing Ship ×37 · Skirmisher ×20 · Fire Galley ×4 · Mangonel ×2 · Bombard Cannon ×2
Match map
Initial resources + every placement click. Lines = walls · curves = elevation contours. ◆ gold · ⬟ stone · ● berries · ✦ relic · ◌ wall gap
Your base· Open — unwalled flank
ClockWork's base· ✓ Closed at 25:55 · 39t walls · 1 gate(s)
Smoothed initial terrain · ◌ = detected wall gap · hover for details
Inputs per minute
— AOKI_GworK - - ClockWork
Build order — AOKI_GworK
First 150 of 484 actions detected
| 0:00 | Create | Villager (Male) ×4 |
| 0:02 | Build | House |
| 0:03 | Build | House |
| 1:25 | Create | Villager (Male) |
| 1:25 | Create | Villager (Male) |
| 1:51 | Build | Lumber Camp |
| 1:53 | Create | Villager (Male) |
| 2:28 | Create | Villager (Male) |
| 2:28 | Create | Villager (Male) |
| 2:31 | Create | Villager (Male) |
| 2:41 | Build | House |
| 2:58 | Create | Villager (Male) |
| 3:18 | Create | Villager (Male) |
| 3:41 | Create | Villager (Male) |
| 4:15 | Create | Villager (Male) |
| 4:15 | Create | Villager (Male) |
| 4:16 | Create | Villager (Male) |
| 4:24 | Build | Dock |
| 4:40 | Create | Villager (Male) |
| 4:47 | Build | House |
| 4:53 | Create | Villager (Male) |
| 4:53 | Create | Villager (Male) |
| 5:08 | Create | Villager (Male) |
| 5:17 | Create | Fishing Ship |
| 5:19 | Create | Villager (Male) |
| 6:10 | Create | Fishing Ship |
| 6:10 | Create | Fishing Ship |
| 6:33 | Research | Feudal Age |
| 7:10 | Build | Barracks |
| 7:28 | Build | House |
| 7:47 | Create | Militia |
| 7:48 | Create | Militia |
| 7:53 | Create | Militia |
| 8:09 | Build | Mining Camp |
| 8:23 | Create | Fishing Ship |
| 8:26 | Build | House |
| 8:51 | Age | Feudal Age |
| 8:53 | Research | Man-at-Arms (upgrade) |
| 8:54 | Research | Man-at-Arms (upgrade) |
| 9:03 | Create | Villager (Male) |
| 9:14 | Create | Villager (Male) |
| 9:16 | Build | Archery Range |
| 9:43 | Create | Villager (Male) |
| 10:00 | Create | Archer |
| 10:03 | Create | Villager (Male) |
| 10:05 | Create | Villager (Male) |
| 10:07 | Create | Fishing Ship |
| 10:11 | Build | House |
| 10:21 | Create | Villager (Male) |
| 10:30 | Create | Villager (Male) |
| 10:34 | Create | Archer |
| 10:46 | Build | House |
| 10:53 | Create | Archer |
| 10:58 | Build | Watch Tower |
| 11:11 | Create | Villager (Male) |
| 11:21 | Create | Villager (Male) |
| 11:23 | Build | Blacksmith |
| 11:34 | Create | Archer |
| 11:42 | Create | Villager (Male) |
| 11:50 | Create | Villager (Male) |
| 12:01 | Create | Archer |
| 12:07 | Create | Villager (Male) |
| 12:11 | Create | Villager (Male) |
| 12:14 | Build | Mill |
| 12:17 | Build | House |
| 12:22 | Research | Fletching |
| 12:22 | Research | Fletching |
| 12:23 | Create | Villager (Male) |
| 12:37 | Create | Villager (Male) |
| 12:48 | Build | House |
| 12:48 | Create | Archer |
| 12:57 | Create | Villager (Male) |
| 13:01 | Build | Palisade Wall |
| 13:02 | Build | Palisade Wall |
| 13:02 | Build | Palisade Wall |
| 13:02 | Build | Palisade Wall |
| 13:03 | Build | Palisade Wall |
| 13:03 | Build | Palisade Wall |
| 13:04 | Build | Palisade Wall |
| 13:04 | Build | Palisade Wall |
| 13:04 | Build | Palisade Wall |
| 13:05 | Create | Villager (Male) |
| 13:18 | Create | Villager (Male) |
| 13:45 | Create | Archer |
| 13:47 | Create | Villager (Male) |
| 13:50 | Build | Archery Range |
| 13:59 | Create | Archer |
| 14:02 | Create | Villager (Male) |
| 14:05 | Build | Farm |
| 14:06 | Build | Farm |
| 14:12 | Create | Villager (Male) |
| 14:18 | Create | Villager (Male) |
| 14:23 | Create | Archer |
| 14:28 | Create | Villager (Male) |
| 14:29 | Build | Farm |
| 14:30 | Build | Farm |
| 14:40 | Build | Farm |
| 14:44 | Build | House |
| 14:51 | Create | Skirmisher |
| 14:59 | Build | Watch Tower |
| 15:02 | Research | Padded Archer Armor |
| 15:02 | Research | Padded Archer Armor |
| 15:03 | Create | Skirmisher |
| 15:17 | Build | Watch Tower |
| 15:22 | Create | Villager (Male) |
| 15:24 | Create | Villager (Male) |
| 15:41 | Create | Villager (Male) |
| 15:41 | Create | Archer |
| 15:44 | Create | Archer |
| 15:48 | Create | Villager (Male) |
| 15:52 | Create | Skirmisher |
| 16:00 | Build | Farm |
| 16:01 | Build | Farm |
| 16:06 | Create | Villager (Male) |
| 16:14 | Create | Archer |
| 16:19 | Build | House |
| 16:32 | Build | House |
| 16:36 | Create | Villager (Male) |
| 16:39 | Create | Archer |
| 16:45 | Create | Skirmisher |
| 16:45 | Create | Skirmisher |
| 16:46 | Create | Villager (Male) |
| 17:08 | Build | Palisade Wall |
| 17:08 | Build | Palisade Wall |
| 17:09 | Build | Palisade Wall |
| 17:18 | Create | Villager (Male) |
| 17:34 | Build | Dock |
| 17:42 | Create | Archer |
| 18:00 | Create | Villager (Male) |
| 18:06 | Build | Stable |
| 18:13 | Create | Villager (Male) |
| 18:24 | Build | Farm |
| 18:38 | Build | Farm |
| 18:39 | Build | Farm |
| 18:43 | Build | House |
| 18:48 | Create | Archer |
| 18:51 | Create | Skirmisher |
| 18:55 | Create | Villager (Male) |
| 19:01 | Create | Scout Cavalry |
| 19:01 | Create | Scout Cavalry |
| 19:11 | Build | Lumber Camp |
| 19:25 | Create | Villager (Male) |
| 19:36 | Create | Villager (Male) |
| 19:51 | Create | Scout Cavalry |
| 19:53 | Create | Scout Cavalry |
| 20:00 | Create | Villager (Male) |
| 20:06 | Build | Watch Tower |
| 20:11 | Build | Watch Tower |
| 20:13 | Create | Villager (Male) |
| 20:17 | Build | Farm |
Build order — ClockWork
First 150 of 419 actions detected
| 0:01 | Create | Villager (Male) |
| 0:01 | Create | Villager (Male) |
| 0:02 | Build | House |
| 0:03 | Build | House |
| 0:08 | Create | Villager (Male) |
| 0:09 | Create | Villager (Male) |
| 1:24 | Create | Villager (Male) |
| 1:52 | Build | Lumber Camp |
| 2:00 | Create | Villager (Male) |
| 2:13 | Create | Villager (Male) |
| 2:47 | Create | Villager (Male) |
| 2:47 | Create | Villager (Male) |
| 3:00 | Create | Villager (Male) |
| 3:00 | Create | Villager (Male) |
| 3:01 | Create | Villager (Male) |
| 3:40 | Create | Villager (Male) |
| 3:51 | Build | House |
| 4:07 | Create | Villager (Male) |
| 4:12 | Build | Palisade Wall |
| 4:19 | Build | Dock |
| 4:25 | Create | Villager (Male) |
| 4:26 | Create | Villager (Male) |
| 4:50 | Create | Villager (Male) |
| 4:51 | Build | Palisade Wall |
| 4:53 | Build | Palisade Wall |
| 5:06 | Create | Fishing Ship |
| 5:07 | Create | Fishing Ship |
| 5:07 | Create | Fishing Ship |
| 5:19 | Build | House |
| 5:23 | Build | House |
| 5:25 | Create | Villager (Male) |
| 5:55 | Create | Villager (Male) |
| 5:55 | Create | Villager (Male) |
| 5:55 | Create | Villager (Male) |
| 5:57 | Create | Fishing Ship |
| 5:57 | Create | Fishing Ship |
| 6:21 | Create | Villager (Male) |
| 6:27 | Create | Villager (Male) |
| 6:40 | Create | Fishing Ship |
| 7:10 | Build | House |
| 7:11 | Create | Villager (Male) |
| 7:16 | Research | Loom |
| 7:43 | Build | Mining Camp |
| 8:00 | Research | Feudal Age |
| 8:00 | Research | Feudal Age |
| 8:07 | Build | Palisade Wall |
| 8:15 | Build | Palisade Wall |
| 8:20 | Build | Palisade Wall |
| 8:22 | Build | Palisade Wall |
| 8:29 | Build | House |
| 8:35 | Create | Villager (Male) |
| 9:24 | Build | Barracks |
| 9:49 | Build | Palisade Wall |
| 9:52 | Create | Villager (Male) |
| 10:10 | Age | Feudal Age |
| 10:11 | Build | Archery Range |
| 10:14 | Research | Double-Bit Axe |
| 10:26 | Create | Villager (Male) |
| 10:51 | Create | Villager (Male) |
| 10:52 | Create | Archer |
| 10:52 | Create | Archer |
| 11:01 | Build | Blacksmith |
| 11:06 | Create | Archer |
| 11:09 | Build | House |
| 11:20 | Create | Villager (Male) |
| 11:27 | Build | Palisade Wall |
| 11:35 | Create | Archer |
| 11:40 | Create | Archer |
| 11:43 | Build | Archery Range |
| 12:12 | Create | Villager (Male) |
| 12:23 | Create | Villager (Male) |
| 12:35 | Build | Watch Tower |
| 12:40 | Create | Skirmisher |
| 12:41 | Create | Skirmisher |
| 12:49 | Build | House |
| 13:01 | Create | Skirmisher |
| 13:20 | Research | Fletching |
| 13:20 | Research | Fletching |
| 13:30 | Create | Villager (Male) |
| 13:32 | Build | Dock |
| 13:50 | Create | Skirmisher |
| 13:51 | Create | Skirmisher |
| 13:51 | Create | Skirmisher |
| 13:53 | Build | Mining Camp |
| 13:55 | Create | Villager (Male) |
| 14:06 | Create | Villager (Male) |
| 14:06 | Create | Villager (Male) |
| 14:12 | Build | Palisade Wall |
| 14:15 | Create | Villager (Male) |
| 14:21 | Create | Skirmisher |
| 14:21 | Create | Skirmisher |
| 14:29 | Create | Fishing Ship |
| 14:29 | Create | Fishing Ship |
| 14:33 | Create | Fishing Ship |
| 14:33 | Create | Fishing Ship |
| 14:47 | Build | House |
| 15:08 | Create | Fishing Ship |
| 15:12 | Create | Archer |
| 15:23 | Build | House |
| 15:45 | Create | Skirmisher |
| 15:45 | Create | Skirmisher |
| 15:45 | Create | Skirmisher |
| 15:56 | Create | Skirmisher |
| 15:56 | Create | Skirmisher |
| 16:02 | Build | House |
| 16:16 | Create | Skirmisher |
| 16:21 | Create | Fishing Ship |
| 16:22 | Create | Fishing Ship |
| 16:33 | Build | Lumber Camp |
| 17:09 | Build | House |
| 17:10 | Build | Palisade Wall |
| 17:13 | Create | Villager (Male) |
| 17:16 | Create | Skirmisher |
| 17:16 | Create | Skirmisher |
| 17:20 | Create | Villager (Male) |
| 17:28 | Create | Archer |
| 17:28 | Create | Archer |
| 17:44 | Build | Outpost |
| 17:45 | Create | Skirmisher |
| 17:46 | Create | Skirmisher |
| 17:51 | Create | Villager (Male) |
| 18:03 | Build | Mill |
| 18:16 | Create | Archer |
| 18:17 | Create | Archer |
| 18:26 | Create | Villager (Male) |
| 18:44 | Create | Fishing Ship |
| 18:44 | Create | Fishing Ship |
| 18:52 | Build | Dock |
| 18:58 | Build | Farm |
| 19:14 | Create | Skirmisher |
| 19:15 | Create | Skirmisher |
| 19:15 | Create | Archer |
| 19:16 | Create | Villager (Male) |
| 19:16 | Create | Villager (Male) |
| 20:04 | Create | Villager (Male) |
| 20:09 | Build | Lumber Camp |
| 20:42 | Create | Villager (Male) |
| 20:44 | Build | Farm |
| 20:46 | Build | Farm |
| 20:47 | Build | Farm |
| 20:48 | Build | Farm |
| 20:53 | Build | House |
| 20:56 | Create | Villager (Male) |
| 20:58 | Build | Farm |
| 21:08 | Create | Archer |
| 21:08 | Create | Archer |
| 21:09 | Create | Villager (Male) |
| 21:11 | Create | Fishing Ship |
| 21:12 | Create | Fishing Ship |
| 21:13 | Create | Fishing Ship |
Match timeline
| 4:12 | ClockWork · wall_segment Palisade Wall x1 |
| 4:19 | ClockWork · first_building Dock |
| 4:24 | AOKI_GworK · first_building Dock |
| 4:51 | ClockWork · wall_segment Palisade Wall x1 |
| 4:53 | ClockWork · wall_segment Palisade Wall x1 |
| 7:10 | AOKI_GworK · first_building Barracks |
| 8:07 | ClockWork · wall_segment Palisade Wall x5 |
| 8:15 | ClockWork · wall_segment Palisade Wall x1 |
| 8:20 | ClockWork · wall_segment Palisade Wall x1 |
| 8:22 | ClockWork · wall_segment Palisade Wall x1 |
| 8:51 | AOKI_GworK · age_up feudal |
| 9:16 | AOKI_GworK · first_building Archery Range |
| 9:24 | ClockWork · first_building Barracks |
| 9:49 | ClockWork · wall_segment Palisade Wall x8 |
| 10:10 | ClockWork · age_up feudal |
| 10:11 | ClockWork · first_building Archery Range |
| 11:27 | ClockWork · wall_segment Palisade Wall x1 |
| 13:01 | AOKI_GworK · wall_segment Palisade Wall x1 |
| 13:02 | AOKI_GworK · wall_segment Palisade Wall x1 |
| 13:02 | AOKI_GworK · wall_segment Palisade Wall x1 |
| 13:02 | AOKI_GworK · wall_segment Palisade Wall x1 |
| 13:03 | AOKI_GworK · wall_segment Palisade Wall x1 |
| 13:03 | AOKI_GworK · wall_segment Palisade Wall x1 |
| 13:04 | AOKI_GworK · wall_segment Palisade Wall x1 |
| 13:04 | AOKI_GworK · wall_segment Palisade Wall x2 |
| 13:04 | AOKI_GworK · wall_segment Palisade Wall x1 |
| 14:12 | ClockWork · wall_segment Palisade Wall x1 |
| 17:08 | AOKI_GworK · wall_segment Palisade Wall x1 |
| 17:08 | AOKI_GworK · wall_segment Palisade Wall x1 |
| 17:09 | AOKI_GworK · wall_segment Palisade Wall x1 |
| 17:10 | ClockWork · wall_segment Palisade Wall x1 |
| 18:06 | AOKI_GworK · first_building Stable |
| 23:06 | ClockWork · first_market_buy 100 food |
| 23:36 | AOKI_GworK · age_up castle |
| 23:48 | ClockWork · wall_segment Palisade Wall x1 |
| 23:49 | ClockWork · wall_segment Palisade Wall x1 |
| 24:45 | ClockWork · wall_segment Stone Wall x15 |
| 25:55 | ClockWork · age_up castle |
| 26:22 | AOKI_GworK · first_building Siege Workshop |
| 27:34 | ClockWork · first_building Siege Workshop |
| 28:37 | ClockWork · first_market_sell 500 food |
| 29:45 | ClockWork · wall_segment Stone Wall x1 |
| 29:46 | AOKI_GworK · first_market_sell 100 wood |
| 29:47 | ClockWork · wall_segment Stone Wall x1 |
| 31:12 | ClockWork · wall_segment Stone Wall x1 |
| 32:29 | ClockWork · wall_segment Stone Wall x1 |
| 37:01 | AOKI_GworK · first_building Castle |
| 38:19 | ClockWork · first_building Monastery |
| 40:06 | ClockWork · age_up imperial |
| 41:48 | AOKI_GworK · age_up imperial |
| 44:04 | ClockWork · resign |
[ AI ANALYSIS · 1 CREDIT ]
What really happened in this match?
Wolo.gg analyzes every decision: build order, eco, micro, common mistakes by bracket. Personalized analysis on WhatsApp or Discord in 30 seconds.
Civ guide
Mongols
Perfil
Jugador #1999444